TOP OF THE 1ST |
Idaho Falls Chukars batting - Pitching for Hammond Herons : RHP Willis Parker
|
Pitching: RHP Willis Parker
|
|
Batting: RHB Trent Burch
|
0-0: Called Strike 0-1: Foul Ball, location: 2F 0-2: Foul Ball, location: 2F 0-2: Ball 1-2: Ball 2-2: Ground out 6-3 (Groundball, 6)
|
Batting: RHB Enrique Martínez
|
0-0: Called Strike 0-1: Called Strike 0-2: Ball 1-2: Ball 2-2: Strikes out swinging
|
Batting: LHB Sean Angwin
|
0-0: Called Strike 0-1: Foul Ball, location: 2F 0-2: Ball 1-2: Foul Ball, location: 2F 1-2: Ball 2-2: Ball 3-2: Foul Ball, location: 2F 3-2: Base on Balls
|
Batting: RHB Gerardo Gonzáles
|
0-0: Called Strike 0-1: Swinging Strike 0-2: Fly out, F9 (Flyball, 89M)
|
Top of the 1st over - 0 run(s), 0 hit(s), 0 error(s), 1 left on base; Idaho Falls 0 - Hammond 0 |
BOTTOM OF THE 1ST |
Hammond Herons batting - Pitching for Idaho Falls Chukars : RHP Fernando Ruíz
|
Pitching: RHP Fernando Ruíz
|
|
Batting: RHB José Trombelli
|
0-0: Called Strike 0-1: Ball 1-1: Ball 2-1: Ball 3-1: Foul Ball, location: 2F 3-2: Foul Ball, location: 2F 3-2: Foul Ball, location: 2F 3-2: Strikes out looking
|
Batting: LHB Juan Villanueva
|
0-0: Swinging Strike 0-1: Swinging Strike 0-2: Fly out, F8 (Flyball, 8LM)
|
Batting: LHB Eddie Flynn
|
0-0: SINGLE (Groundball, 4M)
|
Batting: RHB Pedro González
|
0-0: Ball 1-0: Ball 2-0: Ball 3-0: Base on Balls Eddie Flynn to second
|
Batting: RHB Edward Payne
|
0-0: Foul Ball, location: 2F 0-1: Ball 1-1: Swinging Strike 1-2: Ball 2-2: Ground out 4-3 (Groundball, 34)
|
Bottom of the 1st over - 0 run(s), 1 hit(s), 0 error(s), 2 left on base; Idaho Falls 0 - Hammond 0 |
TOP OF THE 2ND |
Idaho Falls Chukars batting - Pitching for Hammond Herons : RHP Willis Parker
|
Batting: RHB Jung-hwan Kwon
|
0-0: Called Strike 0-1: Swinging Strike 0-2: Strikes out swinging
|
Batting: RHB Mark Taylor
|
0-0: Called Strike 0-1: Foul Ball, location: 2F 0-2: Ball 1-2: Fly out, F9 (Flyball, 9S)
|
Batting: RHB Fernando Granados
|
0-0: Ball 1-0: Ground out 6-3 (Groundball, 6)
|
Top of the 2nd over - 0 run(s), 0 hit(s), 0 error(s), 0 left on base; Idaho Falls 0 - Hammond 0 |
BOTTOM OF THE 2ND |
Hammond Herons batting - Pitching for Idaho Falls Chukars : RHP Fernando Ruíz
|
Batting: RHB Sancho Romero
|
0-0: Called Strike 0-1: Ball 1-1: Ball 2-1: Foul Ball, location: 2F 2-2: Ball 3-2: Foul Ball, location: 2F 3-2: Ground out 6-3 (Groundball, 6)
|
Batting: RHB Jimmy Dawson
|
0-0: Ball 1-0: Called Strike 1-1: Ball 2-1: Foul Ball, location: 2F 2-2: Foul Ball, location: 2F 2-2: Ball 3-2: Foul Ball, location: 2F 3-2: Base on Balls
|
Batting: RHB Jorge Baker
|
0-0: Ball 1-0: Foul Ball, location: 2F 1-1: Grounds into double play, 6-4-3 (Groundball, 6)
|
Bottom of the 2nd over - 0 run(s), 0 hit(s), 0 error(s), 0 left on base; Idaho Falls 0 - Hammond 0 |
TOP OF THE 3RD |
Idaho Falls Chukars batting - Pitching for Hammond Herons : RHP Willis Parker
|
Batting: RHB Marcos Silva
|
0-0: Foul Ball, location: 2F 0-1: Bunt for hit - play at first, batter OUT! 1-3
|
Batting: RHB Miguel Luna
|
0-0: Ball 1-0: Ball 2-0: Foul Ball, location: 2F 2-1: Swinging Strike 2-2: Foul Ball, location: 2F 2-2: Strikes out looking
|
Batting: RHB Trent Burch
|
0-0: Ball 1-0: SINGLE (Line Drive, 78S)
|
Batting: RHB Enrique Martínez
|
0-0: Ball 1-0: Ground out 1-3 (Groundball, 15S)
|
Top of the 3rd over - 0 run(s), 1 hit(s), 0 error(s), 1 left on base; Idaho Falls 0 - Hammond 0 |
BOTTOM OF THE 3RD |
Hammond Herons batting - Pitching for Idaho Falls Chukars : RHP Fernando Ruíz
|
Batting: RHB Brian Soto
|
0-0: Ball 1-0: Fly out, F8 (Flyball, 89M)
|
Batting: RHB José Trombelli
|
0-0: Ball 1-0: Ball 2-0: Foul Ball, location: 2F 2-1: Called Strike 2-2: Ball 3-2: Base on Balls
|
Batting: LHB Juan Villanueva
|
0-0: SINGLE (Flyball, 7LM) José Trombelli to second
|
Batting: LHB Eddie Flynn
|
0-0: Called Strike 0-1: Ball 1-1: Ball 2-1: SINGLE (Line Drive, 9LS) José Trombelli to third Juan Villanueva to second
|
Batting: RHB Pedro González
|
0-0: Ball 1-0: GRAND SLAM HOME RUN (Line Drive, 7D), Distance : 357 ft
|
Batting: RHB Edward Payne
|
0-0: Ball 1-0: Foul Ball, location: 2F 1-1: Ball 2-1: Foul Ball, location: 2F 2-2: Foul Ball, location: 2F 2-2: Strikes out swinging
|
Batting: RHB Sancho Romero
|
0-0: Ball 1-0: DOUBLE (Groundball, 5L)
|
Batting: RHB Jimmy Dawson
|
0-0: Ball 1-0: Foul Ball, location: 2F 1-1: Swinging Strike 1-2: Ball 2-2: Ball 3-2: Fly out, F5 (Line Drive, 56)
|
Bottom of the 3rd over - 4 run(s), 4 hit(s), 0 error(s), 1 left on base; Idaho Falls 0 - Hammond 4 |
TOP OF THE 4TH |
Idaho Falls Chukars batting - Pitching for Hammond Herons : RHP Willis Parker
|
Batting: LHB Sean Angwin
|
0-0: Swinging Strike 0-1: Ball 1-1: Ball 2-1: Fly out, F9 (Flyball, 89D)
|
Batting: RHB Gerardo Gonzáles
|
0-0: Ground out 6-3 (Groundball, 6)
|
Batting: RHB Jung-hwan Kwon
|
0-0: Fly out, F2 (Popup, 2LF)
|
Top of the 4th over - 0 run(s), 0 hit(s), 0 error(s), 0 left on base; Idaho Falls 0 - Hammond 4 |
BOTTOM OF THE 4TH |
Hammond Herons batting - Pitching for Idaho Falls Chukars : RHP Fernando Ruíz
|
Batting: RHB Jorge Baker
|
0-0: Called Strike 0-1: Ball 1-1: Foul Ball, location: 2F 1-2: Strikes out swinging
|
Batting: RHB Brian Soto
|
0-0: Ball 1-0: Foul Ball, location: 2F 1-1: Called Strike 1-2: SINGLE (Groundball, 56D)
|
Batting: RHB José Trombelli
|
0-0: Called Strike 0-1: Ball 1-1: Foul Ball, location: 2F 1-2: Ball 2-2: Foul Ball, location: 2F 2-2: Foul Ball, location: 2F 2-2: Grounds into double play, 6-4-3 (Groundball, 6)
|
Bottom of the 4th over - 0 run(s), 1 hit(s), 0 error(s), 0 left on base; Idaho Falls 0 - Hammond 4 |
TOP OF THE 5TH |
Idaho Falls Chukars batting - Pitching for Hammond Herons : RHP Willis Parker
|
Batting: RHB Mark Taylor
|
0-0: Swinging Strike 0-1: Swinging Strike 0-2: Strikes out swinging
|
Batting: RHB Fernando Granados
|
0-0: Ball 1-0: Swinging Strike 1-1: Foul Ball, location: 2F 1-2: Strikes out swinging
|
Batting: RHB Marcos Silva
|
0-0: Foul Ball, location: 2F 0-1: Ball 1-1: Ball 2-1: Ground out 5-3 (Groundball, 56)
|
Top of the 5th over - 0 run(s), 0 hit(s), 0 error(s), 0 left on base; Idaho Falls 0 - Hammond 4 |
BOTTOM OF THE 5TH |
Hammond Herons batting - Pitching for Idaho Falls Chukars : RHP Fernando Ruíz
|
Batting: LHB Juan Villanueva
|
0-0: Called Strike 0-1: Ball 1-1: Ball 2-1: Swinging Strike 2-2: Strikes out looking
|
Batting: LHB Eddie Flynn
|
0-0: Called Strike 0-1: Ball 1-1: Foul Ball, location: 2F 1-2: SINGLE (Line Drive, 4MD)
|
Batting: RHB Pedro González
|
0-0: Ball 1-0: Called Strike 1-1: Grounds into double play, 6-4-3 (Groundball, 6)
|
Bottom of the 5th over - 0 run(s), 1 hit(s), 0 error(s), 0 left on base; Idaho Falls 0 - Hammond 4 |
TOP OF THE 6TH |
Idaho Falls Chukars batting - Pitching for Hammond Herons : RHP Willis Parker
|
Batting: RHB Miguel Luna
|
0-0: Ball 1-0: Foul Ball, location: 2F 1-1: Called Strike 1-2: Ball 2-2: Ground out 6-3 (Groundball, 6)
|
Batting: RHB Trent Burch
|
0-0: Called Strike 0-1: Ball 1-1: Ball 2-1: Ball 3-1: DOUBLE (Line Drive, 9LS)
|
Batting: RHB Enrique Martínez
|
0-0: Called Strike 0-1: Ground out 6-3 (Groundball, 6) Trent Burch to third
|
Batting: LHB Sean Angwin
|
0-0: Ground out 4-3 (Groundball, 4)
|
Top of the 6th over - 0 run(s), 1 hit(s), 0 error(s), 1 left on base; Idaho Falls 0 - Hammond 4 |
BOTTOM OF THE 6TH |
Hammond Herons batting - Pitching for Idaho Falls Chukars : RHP Fernando Ruíz
|
Batting: RHB Edward Payne
|
0-0: Called Strike 0-1: SINGLE (Line Drive, 56)
|
Batting: RHB Sancho Romero
|
0-0: Swinging Strike 0-1: Sac Bunt - play at first, batter OUT! 1-3 Edward Payne to second
|
Batting: RHB Jimmy Dawson
|
0-0: Called Strike 0-1: Ball 1-1: Ground out 5-3 (Groundball, 5S) Edward Payne to third
|
Batting: RHB Jorge Baker
|
0-0: Intentional Walk
|
Batting: RHB Brian Soto
|
0-0: Ball 1-0: Ball 2-0: Ball 3-0: Base on Balls Jorge Baker to second
|
Batting: RHB José Trombelli
|
0-0: Foul Ball, location: 2F 0-1: Ball 1-1: Swinging Strike 1-2: Strikes out swinging
|
Bottom of the 6th over - 0 run(s), 1 hit(s), 0 error(s), 3 left on base; Idaho Falls 0 - Hammond 4 |
TOP OF THE 7TH |
Idaho Falls Chukars batting - Pitching for Hammond Herons : RHP Willis Parker
|
Batting: RHB Gerardo Gonzáles
|
0-0: Foul Ball, location: 2F 0-1: Foul Ball, location: 2F 0-2: Reached on error, E6 (Groundball, 56)
|
Batting: RHB Jung-hwan Kwon
|
0-0: Foul Ball, location: 2F 0-1: Ball 1-1: Swinging Strike 1-2: Ball 2-2: Ball 3-2: Foul Ball, location: 2F 3-2: DOUBLE (Groundball, 5L) Gerardo Gonzáles to third
|
Batting: RHB Mark Taylor
|
0-0: Ball 1-0: Ground out 6-3 (Groundball, 6D) Gerardo Gonzáles scores Jung-hwan Kwon to third
|
Batting: RHB Fernando Granados
|
0-0: Called Strike 0-1: Swinging Strike 0-2: Strikes out looking
|
Batting: RHB Marcos Silva
|
0-0: Ball 1-0: SINGLE (Groundball, 56D) (infield hit) Jung-hwan Kwon scores
|
Batting: RHB Miguel Luna
|
0-0: Ball Marcos Silva is caught stealing 2nd base
|
Top of the 7th over - 2 run(s), 2 hit(s), 1 error(s), 0 left on base; Idaho Falls 2 - Hammond 4 |
BOTTOM OF THE 7TH |
Hammond Herons batting - Pitching for Idaho Falls Chukars : RHP Fernando Ruíz
|
Batting: LHB Juan Villanueva
|
0-0: Ball 1-0: Ball 2-0: Ball 3-0: Base on Balls
|
Pitching: LHP Heng-zong Xie
|
|
Batting: LHB Eddie Flynn
|
0-0: Ball Juan Villanueva is caught stealing 2nd base 1-0: Ball 2-0: Called Strike 2-1: Called Strike 2-2: Ground out 6-3 (Groundball, 6M)
|
Batting: RHB Pedro González
|
0-0: Fly out, F6 (Line Drive, 6)
|
Bottom of the 7th over - 0 run(s), 0 hit(s), 0 error(s), 0 left on base; Idaho Falls 2 - Hammond 4 |
TOP OF THE 8TH |
Idaho Falls Chukars batting - Pitching for Hammond Herons : RHP Willis Parker
|
Batting: RHB Miguel Luna
|
0-0: Ball 1-0: Fly out, F8 (Flyball, 8RM)
|
Batting: RHB Trent Burch
|
0-0: Fly out, F7 (Line Drive, 7S)
|
Batting: RHB Enrique Martínez
|
0-0: Called Strike 0-1: Ball 1-1: Fly out, F9 (Flyball, 9M)
|
Top of the 8th over - 0 run(s), 0 hit(s), 0 error(s), 0 left on base; Idaho Falls 2 - Hammond 4 |
BOTTOM OF THE 8TH |
Hammond Herons batting - Pitching for Idaho Falls Chukars : LHP Heng-zong Xie
|
Batting: RHB Edward Payne
|
0-0: Ball 1-0: Called Strike 1-1: Ball 2-1: Ball 3-1: Foul Ball, location: 2F 3-2: Foul Ball, location: 2F 3-2: Base on Balls
|
Batting: RHB Sancho Romero
|
0-0: Sac Bunt - play at first, batter OUT! 1-3 Edward Payne to second
|
Batting: RHB Jimmy Dawson
|
0-0: Called Strike 0-1: Ball 1-1: Fly out, F9 (Flyball, 89M)
|
Batting: RHB Jorge Baker
|
0-0: Ball 1-0: Foul Ball, location: 2F 1-1: Swinging Strike 1-2: Reached on error, E1 (Groundball, 15) Edward Payne scores
|
Batting: RHB Brian Soto
|
0-0: Ball 1-0: Foul Ball, location: 2F 1-1: Swinging Strike 1-2: Foul Ball, location: 2F 1-2: Foul Ball, location: 2F 1-2: Fly out, F6 (Popup, 6)
|
Bottom of the 8th over - 1 run(s), 0 hit(s), 1 error(s), 1 left on base; Idaho Falls 2 - Hammond 5 |
TOP OF THE 9TH |
Idaho Falls Chukars batting - Pitching for Hammond Herons : RHP Willis Parker
|
Pitching: RHP Cristián Sandoval
|
|
Batting: LHB Sean Angwin
|
0-0: Called Strike 0-1: Foul Ball, location: 2F 0-2: Foul Ball, location: 2F 0-2: SINGLE (Groundball, 5D)
|
Batting: RHB Gerardo Gonzáles
|
0-0: Ball 1-0: Ball 2-0: Called Strike 2-1: Swinging Strike Single, Error in OF, E8, batter to second base Sean Angwin to third
|
Pinch Hitting: RHB Jim Unknown
|
0-0: Ground out 5-3 (Groundball, 56) Sean Angwin scores
|
Now at 3B: Javier Robles
|
|
Pinch Hitting: RHB José Reyes
|
0-0: Ball 1-0: Foul Ball, location: 2F 1-1: Ball 2-1: Ball 3-1: Foul Ball, location: 2F 3-2: Foul Ball, location: 2F 3-2: Base on Balls
|
Batting: RHB Fernando Granados
|
0-0: Ball 1-0: Grounds into double play, 5-4-3 (Groundball, 5)
|
Top of the 9th over - 1 run(s), 2 hit(s), 1 error(s), 1 left on base; Idaho Falls 3 - Hammond 5 |
|